 Dungeon Crawl Stone Soup version 0.19.0-20-gbc5f0c6 (webtiles) character file.

1040 Jerry the Ruffian (level 8, 59/68 HPs)
             Began as a Troll Transmuter on Nov 18, 2016.
             Quit the game on level 4 of the Dungeon.
             The game lasted 00:09:15 (2910 turns).

Jerry the Ruffian (Troll Transmuter)                Turns: 2910, Time: 00:09:16

Health: 59/68      AC:  5    Str: 19    XL:     8   Next: 4%
Magic:  8/8        EV: 11    Int:  9    God:
Gold:   169        SH:  0    Dex: 12    Spells: 1 memorised, 8 levels left

rFire  . . .     SeeInvis .       - Unarmed
rCold  . . .     Gourm    +     b - +0 robe
rNeg   . . .     Faith    .     (no shield)
rPois  .         Spirit   +     (helmet restricted)
rElec  .         Reflect  .     (no cloak)
rCorr  .         Harm     .     (gloves unavailable)
MR     .....                    (boots unavailable)
Stlth  +.........               i - amulet of guardian spirit
                                (no ring)
                                q - +3 ring of slaying

@: no status effects
A: unfitting armour, claws 3, fast metabolism 3, gourmand, regeneration 1,
shaggy fur 1, tough skin 2
a: no special abilities


You were on level 4 of the Dungeon.
You were completely stuffed.

You visited 1 branch of the dungeon, and saw 4 of its levels.

You collected 169 gold pieces.

Inventory:

Missiles
 a - 62 arrows
Armour
 b - a +0 robe (worn)
Jewellery
 i - an amulet of guardian spirit (around neck)
 q - a +3 ring of slaying (left claw)
Wands
 r - a wand of lightning (10/15)
Scrolls
 g - 2 scrolls of blinking {unknown}
 h - a scroll of magic mapping {unknown}
 j - 2 scrolls of random uselessness {unknown}
 k - 2 scrolls of immolation {unknown}
 o - a scroll of teleportation {unknown}
 p - 3 scrolls of identify {unknown}
 x - a scroll of amnesia {unknown}
 y - a scroll of remove curse {unknown}
Potions
 e - a potion of haste {unknown}
 m - 2 potions of brilliance {unknown}
 s - 5 potions of degeneration {unknown}
 t - a potion of curing {unknown}
 u - a potion of mutation {unknown}
 v - a potion of flight {unknown}
 w - a potion of cancellation {unknown}
Books
 c - a book of Changes

   Spells                             Type                      Level
   a - Beastly Appendage              Transmutation                1
   b - Sticks to Snakes               Transmutation                2
   c - Spider Form                    Transmutation/Poison         3
   d - Ice Form                       Ice/Transmutation            4
   e - Blade Hands                    Transmutation                5
Comestibles
 d - 3 bread rations
 f - a beef jerky
 l - a slice of pizza


   Skills:
 - Level 0.7 Fighting
 + Level 4.3 Dodging
 * Level 7.7 Unarmed Combat
 - Level 1.2 Spellcasting
 - Level 3.1 Transmutations


You had 8 spell levels left.
You knew the following spells:

 Your Spells              Type           Power        Failure   Level  Hunger
a - Beastly Appendage     Tmut           #.....       12%         1    ##.....


Dungeon Overview and Level Annotations

Branches:
Dungeon (4/15)
 Temple: D:4-7

Altars:

Annotations:
D:4 LupusAter's ghost, amateur FoFi


Innate Abilities, Weirdness & Mutations

You are too large for most types of armour.
You have claws for hands.
Your metabolism is lightning-fast.
You like to eat raw meat.
Your natural rate of healing is unusually fast.
You are covered in fur. (AC +1)
You have very tough skin. (AC +2)


Message History

The phantom hits you.
You claw the phantom!
The phantom is moderately damaged.
You closely miss the phantom.
The phantom is moderately damaged.
The phantom hits you.
The phantom blinks!
The phantom closely misses you.
You closely miss the phantom. Your claw misses the phantom.
The phantom is moderately damaged.
The phantom barely misses you.
You claw the phantom!
The phantom is severely damaged.
The phantom hits you.
The phantom blinks!
The phantom blinks!
You claw the phantom!
You destroy the phantom!
Your Transmutations skill increases to level 3!
You have reached level 8!
Okay, then.
Are you sure you want to abandon this character and quit the game? (Confirm with "yes".)

#.# ##.# #.# #.# #.## #.#
#.# #..# #.# ..# ##.## #.#
### #..# #.#
#########.####.#########
........................
.......................!
................@.......
........................
........................
.....................[....#
..........................#
...................)......#
..........................#
..........................#
..........................#


There were no monsters in sight!

Vanquished Creatures
  Grinder (D:3)
  Edmund (D:4)
  A phantom (D:4)
  An ogre (D:3)
  A centaur (D:3)
  A scorpion (D:4)
  Ijyb (D:2)
  2 worker ants (D:4)
  A hound skeleton (D:3)
  A howler monkey zombie (D:3)
  Robin (D:2)
  11 gnolls
  11 adders
  An ooze (D:1)
  2 adder skeletons
  3 worms
  2 dart slugs
  A leopard gecko (D:3)
  5 orcs (D:3)
  6 bats
  2 giant cockroaches (D:3)
  17 goblins
  12 hobgoblins
  A jackal (D:2)
  10 kobolds
  2 quokkas
  2 ball pythons
  8 frilled lizards
  A giant cockroach zombie (D:3)
  A leopard gecko skeleton (D:3)
  A leopard gecko zombie (D:3)
  10 rats
121 creatures vanquished.

Vanquished Creatures (others)
  A plant (D:1)
  4 toadstools (D:1)
5 creatures vanquished.

Grand Total: 126 creatures vanquished

Notes
Turn   | Place    | Note
-------+----------+-------------------------------------------
     0 | D:1      | Jerry the Troll Transmuter began the quest for the Orb.
     0 | D:1      | Reached XP level 1. HP: 18/18 MP: 1/1
   118 | D:1      | Reached XP level 2. HP: 26/26 MP: 2/2
   724 | D:1      | Reached XP level 3. HP: 29/32 MP: 3/3
  1118 | D:2      | Reached skill level 4 in Unarmed Combat
  1168 | D:2      | Reached XP level 4. HP: 35/40 MP: 2/4
  1179 | D:2      | Noticed Robin
  1207 | D:2      | Killed Robin
  1263 | D:2      | Reached XP level 5. HP: 40/46 MP: 3/5
  1301 | D:2      | Reached skill level 5 in Unarmed Combat
  1489 | D:2      | Noticed Ijyb
  1498 | D:2      | Killed Ijyb
  1668 | D:3      | Found a faded altar of an unknown god.
  1679 | D:3      | Noticed Grinder
  1773 | D:3      | Paralysed by Grinder for 5 turns
  1780 | D:3      | Killed Grinder
  1780 | D:3      | Reached skill level 6 in Unarmed Combat
  1780 | D:3      | Reached XP level 6. HP: 41/54 MP: 3/6
  1947 | D:3      | Reached XP level 7. HP: 45/61 MP: 3/7
  2483 | D:4      | Noticed Edmund
  2492 | D:3      | Reached skill level 7 in Unarmed Combat
  2529 | D:4      | Killed Edmund
  2670 | D:4      | Noticed LupusAter's ghost (amateur FoFi)
  2909 | D:4      | Reached XP level 8. HP: 59/68 MP: 8/8
  2910 | D:4      | Quit the game

Skill      XL: |  1  2  3  4  5  6  7 |
---------------+----------------------+-----
Dodging        | 2 3 4 |  4.3
Unarmed Combat | 4 6 7 |  7.7
Transmutations | 2 3 |  3.1
Fighting       | |  0.7
Spellcasting   | |  1.2

Action                   |  1- 3 |  4- 6 |  7- 9 || total
-------------------------+-------+-------+-------++-------
Melee: Unarmed           |    83 |   149 |    67 ||   299
       Punch             |     2 |     5 |     2 ||     9
       Kick              |       |     6 |     5 ||    11
       Headbutt          |       |     6 |     6 ||    12
 Cast: Beastly Appendage |       |    11 |     4 ||    15
 Stab: Sleeping          |     1 |       |     1 ||     2
  Eat: Chunk             |    13 |    11 |     9 ||    33
Armor: Robe              |    24 |    49 |     7 ||    80
Dodge: Dodged            |    34 |    88 |    26 ||   148
